 Dungeon Crawl Stone Soup version 0.21.1-1-g345015f (webtiles) character file.

140 diana the Ruffian (level 5, -3/41 HPs)
             Began as a Demonspawn Gladiator on June 17, 2018.
             Killed by divine providence
             ... invoked by an orc priest
              (12 damage)
             ... on level 3 of the Dungeon.
             The game lasted 00:02:17 (2137 turns).

diana the Ruffian (Demonspawn Gladiator)            Turns: 2137, Time: 00:02:18

Health: -3/41      AC:  6    Str: 15    XL:     5   Next: 2%
Magic:  5/5        EV: 12    Int: 10    God:
Gold:   178        SH:  0    Dex: 14    Spells: 4/4 levels left

rFire    . . .     SeeInvis .     - Unarmed
rCold    . . .     Gourm    .   (no shield)
rNeg     . . .     Faith    .   a - +0 leather armour
rPois    .         Spirit   .   b - +0 helmet
rElec    .         Reflect  .   (no cloak)
rCorr    .         Harm     .   (no gloves)
MR       .....                  (no boots)
Stlth    +.........             (no amulet)
HPRegen  0.13/turn              (no ring)
MPRegen  0.09/turn              (no ring)

@: lethally poisoned (-3 -> -4)
A: hooves 1, slimy green scales 1, demonic guardian 1
a: no special abilities


You were on level 3 of the Dungeon.
You were not hungry.

You visited 1 branch of the dungeon, and saw 3 of its levels.

You collected 178 gold pieces.

Inventory:

Missiles
 c - 3 throwing nets (quivered)
Armour
 a - a +0 leather armour (worn)
 b - a +0 helmet (worn)
Jewellery
 g - an uncursed ring of poison resistance {unknown}
Wands
 p - a wand of polymorph (17)
Scrolls
 e - a scroll of identify {unknown}
 i - a scroll of blinking {unknown}
 j - a scroll of teleportation {unknown}
 n - a scroll of amnesia {unknown}
Potions
 f - a potion of curing
 h - a potion of lignification {unknown}
 k - a potion of brilliance {unknown}
 l - a potion of flight {unknown}
 m - a potion of degeneration {unknown}
Books
 o - a book of Cantrips

   Spells                             Type                      Level
   a - Confusing Touch                Hexes                        1
   b - Animate Skeleton               Necromancy                   1
   c - Summon Small Mammal            Summoning                    1
   d - Apportation                    Translocation                1
 q - a book of Minor Magic

   Spells                             Type                      Level
   a - Magic Dart                     Conjuration                  1
   b - Blink                          Translocation                2
   c - Call Imp                       Summoning                    2
   d - Slow                           Hexes                        2
   e - Conjure Flame                  Conjuration/Fire             3
   f - Mephitic Cloud                 Conjuration/Poison/Air       3
Comestibles
 d - 5 rations
 r - 2 chunks of flesh


   Skills:
 + Level 3.0 Fighting
 - Level 1.7 Throwing
 + Level 1.9 Armour
 - Level 2.7 Dodging
 * Level 4.1 Unarmed Combat


You had 4 spell levels left.
You didn't know any spells.

Dungeon Overview and Level Annotations

Branches:
Dungeon (3/15)

Altars:


Innate Abilities, Weirdness & Mutations

You have large cloven feet.
You are partially covered in slimy green scales. (AC +2)
A weak demonic guardian rushes to your aid.


Message History

Your quasit claws the orc.
The orc dies!
The kobold hits you with a short sword.
The orc priest hits your quasit but does no damage.
Your quasit bites the kobold.
Your quasit misses the kobold.
Your quasit barely misses the kobold.
An adder comes into view.
Your quasit barely misses the kobold. x2
Your quasit claws the kobold but does no damage.
The kobold closely misses your quasit.
The orc priest invokes the aid of Beogh against you.
Beogh smites you!
* * * LOW HITPOINT WARNING * * *
The orc hits your quasit with a dagger.
Your quasit bites the kobold.
Your quasit closely misses the kobold.
Your quasit misses the kobold.
The kobold hits your quasit with a short sword.
The orc priest invokes the aid of Beogh against you.
Beogh smites you!
You die...

....... .#.# .......
#...# .. ......S##
#...###..
...........###.......
.##..........##...#..#
. #..........o.......#
###.........o......#.#
............o5.....(.##
# #..........K.@<....#
# #.......##..###...#
## ####..(#....# ...#
.####....#......## ..
.........#.......#
####.....#.......# ##
#.....#.........#
.................##.
................... .


You could see an orc priest, an adder, 2 orcs, a kobold and a friendly quasit.

Vanquished Creatures
  2 gnolls (D:3)
  2 adders
  An ooze (D:1)
  A worm (D:2)
  3 dart slugs (D:2)
  3 giant cockroaches
  3 hobgoblins
  3 bats
  3 frilled lizards
  3 goblins (D:1)
  5 kobolds (D:1)
  8 rats
37 creatures vanquished.

Vanquished Creatures (collateral kills)
  Natasha (thrice) (D:2)
  A gnoll (D:3)
  An orc (D:3)
  A rat (D:3)
6 creatures vanquished.

Grand Total: 43 creatures vanquished

Notes
Turn   | Place    | Note
-------+----------+-------------------------------------------
     0 | D:1      | diana the Demonspawn Gladiator began the quest for the Orb.
     0 | D:1      | Reached XP level 1. HP: 16/16 MP: 1/1
   274 | D:1      | Reached skill level 3 in Unarmed Combat
   274 | D:1      | Gained mutation: A weak demonic guardian rushes to your aid. [demonic ancestry]
   274 | D:1      | Reached XP level 2. HP: 20/22 MP: 2/2
   714 | D:2      | Noticed Natasha
   719 | D:2      | Killed Natasha
   719 | D:2      | Reached skill level 1 in Armour
   719 | D:2      | Gained mutation: You have large cloven feet. [demonic ancestry]
   719 | D:2      | Reached XP level 3. HP: 26/28 MP: 3/3
   727 | D:2      | Noticed Natasha
   739 | D:2      | Killed Natasha
  1064 | D:2      | Noticed Natasha
  1087 | D:2      | Killed Natasha
  1087 | D:2      | Gained mutation: You are partially covered in slimy green scales. (AC +2) [demonic ancestry]
  1087 | D:2      | Reached XP level 4. HP: 6/34 MP: 4/4
  2091 | D:3      | Reached skill level 4 in Unarmed Combat
  2124 | D:3      | Reached XP level 5. HP: 30/41 MP: 5/5
  2137 | D:3      | Killed from afar by an orc priest

Skill      XL: |  1  2  3  4 |
---------------+-------------+-----
Unarmed Combat | 3 4 |  4.1
Armour         | 1 |  1.9
Fighting       | 3 |  3.0
Throwing       | |  1.7
Dodging        | |  2.7

Action                   |  1- 3 |  4- 6 || total
-------------------------+-------+-------++-------
Melee: Unarmed           |    83 |    47 ||   130
       Kick              |     4 |    12 ||    16
       Punch             |       |     4 ||     4
  Use: Potion            |     1 |       ||     1
 Stab: Sleeping          |     1 |       ||     1
  Eat: Chunk             |       |     4 ||     4
Armor: Leather armour    |    19 |    16 ||    35
Dodge: Dodged            |    54 |    24 ||    78
